 Dungeon Crawl Stone Soup version 0.20-a0-9-g62d82d9 (webtiles) character file.

154 dobroeutro the Skirmisher (level 5, 0/35 HPs)
             Began as a Gargoyle Fighter on Nov 1, 2016.
             Slain by a gnoll
             ... wielding a +0 halberd
              (2 damage)
             ... on level 2 of the Dungeon.
             The game lasted 00:02:08 (1078 turns).

dobroeutro the Skirmisher (Gargoyle Fighter)        Turns: 1078, Time: 00:02:09

Health: 0/35       AC: 10    Str: 21    XL:     5   Next: 36%
Magic:  5/5        EV:  7    Int:  8    God:
Gold:   80         SH:  9    Dex:  9    Spells: 0 memorised, 4 levels left

rFire  . . .     SeeInvis +     a - +0 flail
rCold  . . .     Gourm    .     b - +0 scale mail
rNeg   + . .     Faith    .     c - +0 shield
rPois  ∞         Spirit   .     (no helmet)
rElec  +         Reflect  .     (no cloak)
rCorr  .         Harm     .     (no gloves)
MR     .....                    (no boots)
Stlth  ..........               (no amulet)
                                (no ring)
                                i - ring of see invisible (curse)

@: no status effects
A: negative energy resistance 1, electricity resistance, unbreathing,
petrification resistance, rot immunity, AC +4
a: no special abilities


You were on level 2 of the Dungeon.
You were not hungry.

You visited 1 branch of the dungeon, and saw 2 of its levels.

You collected 80 gold pieces.

Inventory:

Hand Weapons
 a - a +0 flail (weapon)
Armour
 b - a +0 scale mail (worn)
 c - a +0 shield (worn)
Jewellery
 i - a cursed ring of see invisible (left hand)
Scrolls
 e - a scroll of blinking {unknown}
 k - 2 scrolls of identify {unknown}
 m - a scroll of remove curse {unknown}
 o - a scroll of amnesia {unknown}
Potions
 d - a potion of might
 g - 2 potions of brilliance {unknown}
 h - 2 potions of lignification {unknown}
 n - a potion of magic {unknown}
Comestibles
 f - 2 bread rations
 j - a beef jerky
 l - 10 chunks of flesh


   Skills:
 + Level 5.1 Fighting
 + Level 4.0 Maces & Flails
 - Level 3.2 Armour
 - Level 3.2 Shields


You had 4 spell levels left.
You didn't know any spells.

Dungeon Overview and Level Annotations

Branches:
Dungeon (2/15)

Altars:


Innate Abilities, Weirdness & Mutations

You are resistant to torment.
Your stone body is resilient. (AC +4)
You are immune to poison.
You resist negative energy. (rN+)
You are resistant to electric shocks. (rElec)
You can survive without breathing.
You are immune to petrification.
You are immune to rotting.


Message History

You closely miss the gnoll.
The gnoll is heavily wounded.
You block the gnoll's attack.
You hit the gnoll.
The gnoll is heavily wounded.
You block the gnoll's attack.
You closely miss the gnoll.
The gnoll is heavily wounded.
You block the gnoll's attack. The gnoll hits you with a halberd!
* * * LOW HITPOINT WARNING * * *
You barely miss the gnoll.
The gnoll is heavily wounded.
The gnoll completely misses you.
You hit the gnoll but do no damage.
The gnoll is heavily wounded.
The gnoll hits you but does no damage.
You barely miss the gnoll.
The gnoll is heavily wounded.
The gnoll hits you with a halberd.
You die...

..........#
......#.#.# #.#
..........# #.#
#.........# #.#
.###..†...# #.#
#.#.......# #.#
##.#......######.#
##.#..#.........g#
...............)@#
.#.#..###.#####†.#
.#.#..# #.# #..#
.#.#..###.#####..#
.#.#.............#
.#.#..#####.###..#####
.#....#####.###......#
..............#..###.#
.##########.#.##.# #.#


You could see a gnoll.

Vanquished Creatures
  Jessica (D:2)
  3 gnolls (D:2)
  3 adders
  An ooze (D:1)
  2 worms (D:2)
  2 dart slugs
  5 giant cockroaches
  11 hobgoblins
  4 jackals (D:1)
  4 kobolds
  6 bats
  3 frilled lizards
  9 goblins
  2 rats (D:2)
56 creatures vanquished.

Notes
Turn   | Place    | Note
-------+----------+-------------------------------------------
     0 | D:1      | dobroeutro the Gargoyle Fighter began the quest for the Orb.
     0 | D:1      | Reached XP level 1. HP: 14/14 MP: 1/1
    49 | D:1      | Reached XP level 2. HP: 13/19 MP: 2/2
   253 | D:1      | Reached XP level 3. HP: 20/24 MP: 3/3
   386 | D:1      | Reached skill level 4 in Fighting
   662 | D:2      | Noticed Jessica
   670 | D:2      | Killed Jessica
   670 | D:2      | Reached XP level 4. HP: 25/30 MP: 4/4
   991 | D:2      | Reached XP level 5. HP: 34/34 MP: 5/5
   994 | D:2      | Reached skill level 5 in Fighting
  1078 | D:2      | Slain by a gnoll

Vault maps used:
D:1:      minmay_arrival_stair_chambers, hex_medium
D:2:      cheibrodos_greedy_goblins, uniq_jessica

Skill      XL: |  1  2  3  4  5 |
---------------+----------------+-----
Fighting       | 4 5 |  5.1
Maces & Flails | 3 4 |  4.0
Armour         | |  3.2
Shields        | |  3.2

Action                   |  1- 3 |  4- 6 || total
-------------------------+-------+-------++-------
Melee: Flail             |   108 |    99 ||   207
  Eat: Chunk             |       |     1 ||     1
Armor: Scale mail        |    78 |    31 ||   109
Dodge: Dodged            |    41 |    34 ||    75
Block: Shield            |    66 |    34 ||   100
